[ PARTIDA AOE2 · #476854741 ]
UnrankedSicilianos vs Lithuanians
[ ANÁLISIS DE REPETICIÓN · EXTRAÍDO DE LA PARTIDA GRABADA ]
Feudal
12:30
Castillos
21:07
Imperial
—
| APM promedio | 48.4 |
| APM pico | 97 |
| eAPM promedio | 29.2 |
| Aldeanos / militares | 182 / 132 |
Foco
⚔️ 25.1% · 🌾 74.9%
Spearman ×88 · Serjeant ×35 · Unknown (2626) ×15 · Fishing Ship ×10 · Monk ×5 · Mangonel ×3
Feudal
12:06
Castillos
17:57
Imperial
36:01
| APM promedio | 69.9 |
| APM pico | 122 |
| eAPM promedio | 33.4 |
| Aldeanos / militares | 116 / 81 |
Foco
⚔️ 53.0% · 🌾 47.0%
Leitis ×71 · Fishing Ship ×15 · Unknown (2626) ×14 · Bombard Cannon ×4 · Monk ×3 · Trebuchet (Packed) ×2
Feudal
11:30
Castillos
19:13
Imperial
30:34
| APM promedio | 37.7 |
| APM pico | 69 |
| eAPM promedio | 18.6 |
| Aldeanos / militares | 111 / 103 |
Foco
⚔️ 39.4% · 🌾 60.6%
Organ Gun ×87 · Unknown (2626) ×20 · Monk ×7 · Trebuchet (Packed) ×7 · Fishing Ship ×6 · Trade Cog ×2
Feudal
11:50
Castillos
21:55
Imperial
41:40
| APM promedio | 34.7 |
| APM pico | 92 |
| eAPM promedio | 16.5 |
| Aldeanos / militares | 94 / 56 |
Foco
⚔️ 33.5% · 🌾 66.5%
Unknown (2626) ×29 · Hand Cannoneer ×25 · Ghulam ×23 · Fishing Ship ×18 · Armored Elephant ×4 · Fire Galley ×2
Mapa de la partida
Recursos iniciales + cada clic de construcción. Líneas = muros · curvas = relieve. ◆ oro · ⬟ piedra · ● bayas · ✦ reliquia · ◌ hueco del cierre
Tu base· ✓ Cerrada en 21:07 · 45t muro · sin puerta
Base de Shammgod· Abierta — hueco de 5t
Base de xberny· Abierta — flanco sin cerrar
Base de Shermack· Abierta — el rival se encerró
Terreno inicial suavizado · ◌ = hueco del cierre detectado · pasá el cursor para detalles
Inputs por minuto
— GoPlayTetris - - Shammgod
Build order — GoPlayTetris
Primeras 150 de 460 acciones detectadas
| 0:02 | Construir | Town Center |
| 0:30 | Construir | House |
| 0:32 | Construir | Dock |
| 2:19 | Crear | Villager (Male) |
| 2:19 | Crear | Villager (Male) |
| 2:19 | Crear | Villager (Male) |
| 2:19 | Crear | Villager (Male) |
| 2:20 | Crear | Villager (Male) |
| 3:27 | Crear | Fishing Ship |
| 3:40 | Crear | Villager (Male) |
| 3:46 | Construir | House |
| 4:31 | Investigar | Loom |
| 4:53 | Crear | Fishing Ship |
| 4:53 | Crear | Fishing Ship |
| 4:54 | Crear | Villager (Male) |
| 5:15 | Crear | Villager (Male) |
| 5:32 | Crear | Villager (Male) |
| 5:46 | Construir | House |
| 6:03 | Crear | Villager (Male) |
| 6:04 | Crear | Villager (Male) |
| 6:04 | Crear | Villager (Male) |
| 6:11 | Crear | Fishing Ship |
| 6:41 | Crear | Fishing Ship |
| 6:41 | Crear | Villager (Male) |
| 7:02 | Construir | House |
| 7:18 | Crear | Villager (Male) |
| 7:18 | Crear | Villager (Male) |
| 7:29 | Crear | Villager (Male) |
| 7:31 | Crear | Fishing Ship |
| 7:52 | Crear | Villager (Male) |
| 8:02 | Crear | Fishing Ship |
| 8:24 | Crear | Villager (Male) |
| 8:25 | Crear | Villager (Male) |
| 8:26 | Crear | Villager (Male) |
| 8:29 | Construir | House |
| 8:59 | Crear | Fishing Ship |
| 9:00 | Crear | Villager (Male) |
| 9:16 | Crear | Villager (Male) |
| 9:44 | Construir | Lumber Camp |
| 10:03 | Investigar | Feudal Age |
| 10:03 | Investigar | Feudal Age |
| 10:18 | Construir | House |
| 10:38 | Construir | Mining Camp |
| 11:14 | Construir | Dock |
| 11:19 | Crear | Villager (Male) |
| 11:52 | Construir | Palisade Wall |
| 12:11 | Construir | Palisade Wall |
| 12:30 | Edad | Edad Feudal |
| 12:30 | Crear | Unit 2626 |
| 12:31 | Crear | Unit 2626 |
| 12:32 | Crear | Villager (Male) |
| 12:33 | Crear | Villager (Male) |
| 12:33 | Investigar | Double-Bit Axe |
| 12:34 | Crear | Villager (Male) |
| 12:34 | Crear | Villager (Male) |
| 12:58 | Crear | Villager (Male) |
| 13:05 | Construir | Blacksmith |
| 13:09 | Construir | Mill |
| 13:30 | Crear | Villager (Male) |
| 13:36 | Crear | Unit 2626 |
| 13:36 | Crear | Unit 2626 |
| 13:37 | Crear | Villager (Male) |
| 13:37 | Crear | Villager (Male) |
| 13:39 | Construir | House |
| 14:01 | Crear | Fishing Ship |
| 14:02 | Crear | Villager (Male) |
| 14:23 | Crear | Fishing Ship |
| 14:23 | Crear | Villager (Male) |
| 14:26 | Crear | Unit 2626 |
| 14:26 | Crear | Unit 2626 |
| 14:27 | Crear | Villager (Male) |
| 14:28 | Construir | House |
| 14:47 | Construir | House |
| 14:48 | Construir | House |
| 15:04 | Construir | House |
| 15:04 | Crear | Villager (Male) |
| 15:12 | Construir | Market |
| 15:14 | Crear | Unit 2626 |
| 15:15 | Crear | Unit 2626 |
| 15:15 | Crear | Villager (Male) |
| 15:40 | Crear | Villager (Male) |
| 15:52 | Construir | Farm |
| 16:11 | Construir | Farm |
| 16:11 | Construir | Farm |
| 16:11 | Construir | Farm |
| 16:13 | Crear | Villager (Male) |
| 16:15 | Construir | House |
| 16:34 | Crear | Unit 2626 |
| 16:38 | Construir | Farm |
| 16:38 | Crear | Villager (Male) |
| 16:51 | Crear | Unit 2626 |
| 16:52 | Crear | Villager (Male) |
| 16:58 | Construir | House |
| 16:58 | Crear | Villager (Male) |
| 17:05 | Construir | Farm |
| 17:06 | Construir | Farm |
| 17:11 | Crear | Villager (Male) |
| 17:30 | Crear | Unit 2626 |
| 17:30 | Crear | Villager (Male) |
| 17:31 | Construir | House |
| 17:33 | Crear | Villager (Male) |
| 17:45 | Crear | Unit 2626 |
| 17:45 | Crear | Villager (Male) |
| 18:08 | Construir | House |
| 18:27 | Investigar | Castle Age |
| 18:27 | Investigar | Castle Age |
| 18:40 | Construir | House |
| 19:18 | Construir | Palisade Wall |
| 19:21 | Construir | Palisade Wall |
| 19:27 | Crear | Unit 2626 |
| 19:28 | Crear | Unit 2626 |
| 19:28 | Crear | Villager (Male) |
| 20:03 | Construir | Palisade Wall |
| 20:12 | Crear | Unit 2626 |
| 20:37 | Construir | House |
| 21:01 | Construir | Palisade Wall |
| 21:07 | Edad | Edad de los Castillos |
| 21:14 | Construir | Town Center |
| 21:19 | Construir | Town Center |
| 21:24 | Investigar | Bow Saw |
| 21:25 | Investigar | Wheelbarrow |
| 21:25 | Investigar | Wheelbarrow |
| 21:25 | Crear | Villager (Male) |
| 21:41 | Construir | House |
| 21:42 | Crear | Villager (Male) |
| 22:09 | Construir | Barracks |
| 22:14 | Crear | Villager (Male) |
| 22:16 | Construir | House |
| 22:16 | Construir | House |
| 22:17 | Crear | Villager (Male) |
| 22:29 | Crear | Villager (Male) |
| 22:32 | Investigar | Horse Collar |
| 22:44 | Construir | Farm |
| 22:45 | Crear | Villager (Male) |
| 22:56 | Construir | Palisade Wall |
| 23:03 | Crear | Villager (Male) |
| 23:06 | Construir | Farm |
| 23:20 | Construir | Stable |
| 23:27 | Crear | Villager (Male) |
| 23:30 | Crear | Villager (Male) |
| 23:34 | Crear | Villager (Male) |
| 23:35 | Crear | Villager (Male) |
| 23:36 | Crear | Villager (Male) |
| 23:36 | Crear | Villager (Male) |
| 23:39 | Investigar | Heavy Plow |
| 23:39 | Crear | Villager (Male) |
| 23:41 | Construir | House |
| 23:43 | Construir | House |
| 23:43 | Crear | Villager (Male) |
| 23:50 | Crear | Villager (Male) |
Build order — Shammgod
Primeras 150 de 378 acciones detectadas
| 0:04 | Construir | Town Center |
| 0:36 | Construir | Dock |
| 0:39 | Construir | House |
| 2:16 | Crear | Villager (Male) |
| 2:16 | Crear | Villager (Male) |
| 2:16 | Crear | Villager (Male) |
| 2:17 | Crear | Villager (Male) |
| 2:17 | Crear | Villager (Male) |
| 2:17 | Crear | Villager (Male) |
| 3:17 | Crear | Fishing Ship |
| 3:39 | Crear | Villager (Male) |
| 3:42 | Construir | House |
| 4:12 | Crear | Fishing Ship |
| 4:45 | Crear | Fishing Ship |
| 5:09 | Crear | Villager (Male) |
| 5:20 | Construir | House |
| 5:33 | Crear | Villager (Male) |
| 5:33 | Crear | Villager (Male) |
| 5:50 | Crear | Fishing Ship |
| 6:03 | Crear | Villager (Male) |
| 6:22 | Crear | Fishing Ship |
| 6:22 | Crear | Villager (Male) |
| 6:23 | Crear | Villager (Male) |
| 6:45 | Construir | House |
| 6:54 | Crear | Villager (Male) |
| 6:54 | Crear | Villager (Male) |
| 6:58 | Crear | Fishing Ship |
| 7:34 | Crear | Fishing Ship |
| 7:50 | Crear | Villager (Male) |
| 7:50 | Crear | Villager (Male) |
| 7:50 | Crear | Villager (Male) |
| 8:06 | Construir | House |
| 8:31 | Crear | Villager (Male) |
| 8:32 | Construir | Lumber Camp |
| 8:50 | Crear | Fishing Ship |
| 9:29 | Crear | Villager (Male) |
| 9:43 | Construir | Mining Camp |
| 9:56 | Investigar | Feudal Age |
| 10:15 | Construir | Mining Camp |
| 11:19 | Construir | Dock |
| 11:29 | Investigar | Loom |
| 12:06 | Edad | Edad Feudal |
| 12:08 | Construir | Mill |
| 12:09 | Crear | Villager (Male) |
| 12:19 | Crear | Unit 2626 |
| 12:24 | Crear | Unit 2626 |
| 12:26 | Crear | Villager (Male) |
| 12:30 | Construir | House |
| 12:36 | Construir | House |
| 12:37 | Construir | House |
| 13:35 | Crear | Villager (Male) |
| 13:39 | Construir | Market |
| 14:16 | Crear | Villager (Male) |
| 14:41 | Crear | Villager (Male) |
| 14:43 | Crear | Unit 2626 |
| 14:43 | Crear | Unit 2626 |
| 14:52 | Construir | Blacksmith |
| 15:10 | Crear | Villager (Male) |
| 15:16 | Investigar | Castle Age |
| 15:20 | Construir | House |
| 15:22 | Construir | House |
| 15:47 | Investigar | Double-Bit Axe |
| 16:56 | Crear | Unit 2626 |
| 16:56 | Crear | Unit 2626 |
| 17:05 | Construir | House |
| 17:06 | Construir | House |
| 17:38 | Crear | Unit 2626 |
| 17:38 | Crear | Unit 2626 |
| 17:51 | Construir | House |
| 17:57 | Edad | Edad de los Castillos |
| 18:04 | Investigar | War Galley (upgrade) |
| 18:04 | Investigar | War Galley (upgrade) |
| 18:10 | Investigar | Bow Saw |
| 18:11 | Crear | Villager (Male) |
| 18:11 | Crear | Villager (Male) |
| 18:32 | Crear | Villager (Male) |
| 18:40 | Construir | House |
| 18:40 | Construir | House |
| 19:03 | Crear | Villager (Male) |
| 19:21 | Crear | Unit 2626 |
| 19:21 | Crear | Unit 2626 |
| 19:22 | Crear | Villager (Male) |
| 19:48 | Construir | Monastery |
| 19:59 | Crear | Villager (Male) |
| 20:22 | Construir | Castle |
| 20:24 | Crear | Monk |
| 20:31 | Crear | Unit 2626 |
| 20:31 | Crear | Unit 2626 |
| 20:33 | Crear | Villager (Male) |
| 20:46 | Construir | Lumber Camp |
| 20:59 | Crear | Unit 2626 |
| 20:59 | Crear | Unit 2626 |
| 21:08 | Crear | Villager (Male) |
| 21:14 | Crear | Villager (Male) |
| 21:37 | Crear | Villager (Male) |
| 21:52 | Crear | Leitis |
| 22:12 | Crear | Villager (Male) |
| 22:17 | Crear | Leitis |
| 22:33 | Crear | Leitis |
| 22:45 | Construir | Town Center |
| 22:51 | Crear | Villager (Male) |
| 22:54 | Crear | Monk |
| 23:02 | Crear | Villager (Male) |
| 23:38 | Crear | Leitis |
| 23:39 | Crear | Villager (Male) |
| 23:39 | Crear | Villager (Male) |
| 23:52 | Crear | Leitis |
| 23:53 | Crear | Villager (Male) |
| 24:00 | Crear | Villager (Male) |
| 24:33 | Crear | Leitis |
| 24:34 | Crear | Villager (Male) |
| 24:51 | Crear | Villager (Male) |
| 24:56 | Construir | Town Center |
| 25:05 | Investigar | Horse Collar |
| 25:07 | Construir | Farm |
| 25:07 | Construir | Farm |
| 25:07 | Construir | Farm |
| 25:08 | Construir | Farm |
| 25:08 | Construir | Farm |
| 25:08 | Construir | Farm |
| 25:08 | Construir | Farm |
| 25:09 | Construir | Farm |
| 25:13 | Construir | Farm |
| 25:17 | Crear | Leitis |
| 25:21 | Crear | Villager (Male) |
| 25:21 | Crear | Villager (Male) |
| 25:30 | Crear | Villager (Male) |
| 25:37 | Construir | Barracks |
| 25:53 | Crear | Villager (Male) |
| 26:08 | Investigar | Scale Barding Armor |
| 26:10 | Crear | Villager (Male) |
| 26:10 | Crear | Villager (Male) |
| 26:46 | Crear | Villager (Male) |
| 26:52 | Crear | Leitis |
| 26:53 | Crear | Villager (Male) |
| 26:55 | Construir | Farm |
| 26:55 | Construir | Farm |
| 26:56 | Construir | Farm |
| 26:56 | Construir | Farm |
| 26:56 | Construir | Farm |
| 27:02 | Crear | Fishing Ship |
| 27:02 | Crear | Fishing Ship |
| 27:17 | Crear | Villager (Male) |
| 27:22 | Crear | Leitis |
| 27:31 | Crear | Villager (Male) |
| 27:31 | Crear | Villager (Male) |
| 27:31 | Crear | Villager (Male) |
| 27:32 | Crear | Villager (Male) |
| 27:50 | Construir | Farm |
| 27:53 | Construir | Farm |
Build order — xberny
Primeras 150 de 332 acciones detectadas
| 0:06 | Construir | Town Center |
| 0:25 | Construir | Dock |
| 0:28 | Construir | House |
| 2:20 | Crear | Villager (Male) |
| 2:20 | Crear | Villager (Male) |
| 2:20 | Crear | Villager (Male) |
| 2:21 | Crear | Villager (Male) |
| 3:20 | Crear | Fishing Ship |
| 3:45 | Crear | Villager (Male) |
| 3:58 | Construir | House |
| 4:22 | Crear | Villager (Male) |
| 4:45 | Crear | Villager (Male) |
| 4:58 | Crear | Fishing Ship |
| 5:10 | Crear | Villager (Male) |
| 5:28 | Construir | House |
| 5:32 | Crear | Villager (Male) |
| 5:47 | Construir | Palisade Wall |
| 5:56 | Crear | Villager (Male) |
| 6:12 | Crear | Fishing Ship |
| 6:17 | Crear | Villager (Male) |
| 6:40 | Crear | Villager (Male) |
| 6:51 | Crear | Villager (Male) |
| 6:52 | Crear | Fishing Ship |
| 7:01 | Construir | House |
| 7:27 | Crear | Villager (Male) |
| 7:28 | Crear | Villager (Male) |
| 7:30 | Crear | Villager (Male) |
| 7:31 | Crear | Villager (Male) |
| 7:34 | Investigar | Loom |
| 7:54 | Construir | Lumber Camp |
| 8:21 | Construir | House |
| 8:25 | Construir | House |
| 8:36 | Crear | Fishing Ship |
| 8:58 | Construir | House |
| 9:20 | Investigar | Feudal Age |
| 9:51 | Construir | House |
| 9:53 | Crear | Villager (Male) |
| 9:55 | Construir | Mining Camp |
| 10:10 | Construir | Dock |
| 10:13 | Crear | Villager (Male) |
| 10:29 | Construir | House |
| 10:32 | Construir | House |
| 10:46 | Crear | Fishing Ship |
| 11:30 | Edad | Edad Feudal |
| 11:30 | Investigar | Double-Bit Axe |
| 11:34 | Crear | Unit 2626 |
| 11:34 | Crear | Unit 2626 |
| 11:42 | Crear | Unit 2626 |
| 11:50 | Crear | Villager (Male) |
| 12:08 | Crear | Villager (Male) |
| 12:12 | Crear | Unit 2626 |
| 12:19 | Crear | Unit 2626 |
| 12:25 | Crear | Villager (Male) |
| 12:41 | Crear | Villager (Male) |
| 12:52 | Construir | Blacksmith |
| 13:28 | Crear | Villager (Male) |
| 13:32 | Construir | Mill |
| 14:18 | Crear | Trade Cog |
| 14:18 | Crear | Trade Cog |
| 14:21 | Crear | Unit 2626 |
| 14:22 | Crear | Unit 2626 |
| 14:38 | Crear | Villager (Male) |
| 14:38 | Crear | Villager (Male) |
| 14:46 | Crear | Villager (Male) |
| 14:55 | Construir | Market |
| 14:56 | Crear | Villager (Male) |
| 15:07 | Construir | Farm |
| 15:07 | Construir | Farm |
| 15:08 | Construir | Farm |
| 15:09 | Construir | Farm |
| 15:17 | Crear | Villager (Male) |
| 15:18 | Crear | Villager (Male) |
| 15:22 | Construir | Mining Camp |
| 16:33 | Investigar | Castle Age |
| 16:46 | Construir | Lumber Camp |
| 16:53 | Crear | Unit 2626 |
| 16:53 | Crear | Unit 2626 |
| 17:09 | Crear | Villager (Male) |
| 17:09 | Crear | Villager (Male) |
| 17:14 | Crear | Unit 2626 |
| 17:14 | Crear | Unit 2626 |
| 18:28 | Crear | Unit 2626 |
| 18:29 | Crear | Unit 2626 |
| 19:13 | Edad | Edad de los Castillos |
| 19:22 | Investigar | War Galley (upgrade) |
| 19:25 | Investigar | Forging |
| 19:42 | Crear | Villager (Male) |
| 19:42 | Crear | Villager (Male) |
| 19:51 | Crear | Unit 2626 |
| 19:59 | Crear | Villager (Male) |
| 20:20 | Crear | Villager (Male) |
| 20:32 | Construir | House |
| 20:33 | Construir | House |
| 20:44 | Construir | Castle |
| 20:47 | Crear | Villager (Male) |
| 20:47 | Crear | Villager (Male) |
| 20:53 | Construir | Town Center |
| 20:59 | Crear | Villager (Male) |
| 21:03 | Construir | Monastery |
| 21:07 | Crear | Villager (Male) |
| 21:12 | Investigar | Bow Saw |
| 21:44 | Crear | Unit 2626 |
| 21:45 | Crear | Unit 2626 |
| 21:50 | Crear | Monk |
| 21:50 | Crear | Monk |
| 21:55 | Construir | House |
| 21:55 | Construir | House |
| 22:20 | Crear | Unit 2626 |
| 22:20 | Crear | Unit 2626 |
| 22:22 | Crear | Villager (Male) |
| 22:29 | Crear | Organ Gun |
| 22:51 | Crear | Unit 2626 |
| 22:51 | Crear | Unit 2626 |
| 23:07 | Construir | House |
| 23:09 | Crear | Villager (Male) |
| 23:10 | Crear | Villager (Male) |
| 23:10 | Crear | Villager (Male) |
| 23:11 | Crear | Villager (Male) |
| 23:11 | Crear | Villager (Male) |
| 23:11 | Crear | Villager (Male) |
| 23:12 | Crear | Villager (Male) |
| 23:28 | Crear | Monk |
| 23:41 | Construir | Farm |
| 23:41 | Construir | Farm |
| 23:41 | Construir | Farm |
| 23:42 | Construir | Farm |
| 23:47 | Construir | House |
| 23:55 | Investigar | Wheelbarrow |
| 24:03 | Crear | Villager (Male) |
| 24:30 | Crear | Villager (Male) |
| 24:30 | Crear | Villager (Male) |
| 24:32 | Construir | Farm |
| 24:55 | Construir | House |
| 24:56 | Crear | Villager (Male) |
| 25:13 | Construir | House |
| 25:13 | Construir | House |
| 25:14 | Construir | House |
| 25:47 | Crear | Villager (Male) |
| 25:47 | Crear | Villager (Male) |
| 26:03 | Crear | Villager (Male) |
| 26:04 | Crear | Villager (Male) |
| 26:05 | Crear | Villager (Male) |
| 26:13 | Construir | Farm |
| 26:33 | Crear | Villager (Male) |
| 26:33 | Crear | Villager (Male) |
| 27:24 | Investigar | Imperial Age |
| 27:39 | Construir | House |
| 27:40 | Construir | House |
| 27:41 | Construir | House |
| 27:45 | Construir | Farm |
Build order — Shermack
Primeras 150 de 245 acciones detectadas
| 0:10 | Construir | Town Center |
| 0:36 | Construir | Dock |
| 1:25 | Construir | House |
| 2:21 | Crear | Villager (Male) |
| 2:22 | Crear | Villager (Male) |
| 2:22 | Crear | Villager (Male) |
| 2:22 | Crear | Villager (Male) |
| 3:31 | Crear | Fishing Ship |
| 4:02 | Construir | House |
| 4:03 | Crear | Villager (Male) |
| 4:11 | Construir | House |
| 4:26 | Construir | House |
| 4:32 | Investigar | Loom |
| 4:55 | Crear | Fishing Ship |
| 4:55 | Crear | Villager (Male) |
| 5:37 | Crear | Villager (Male) |
| 6:06 | Crear | Villager (Male) |
| 6:08 | Crear | Fishing Ship |
| 6:35 | Crear | Villager (Male) |
| 6:38 | Crear | Fishing Ship |
| 6:54 | Crear | Villager (Male) |
| 7:18 | Crear | Villager (Male) |
| 7:35 | Crear | Villager (Male) |
| 7:38 | Construir | House |
| 8:17 | Crear | Villager (Male) |
| 8:42 | Crear | Villager (Male) |
| 8:47 | Construir | Mining Camp |
| 9:15 | Crear | Villager (Male) |
| 9:37 | Investigar | Feudal Age |
| 10:04 | Construir | Dock |
| 10:14 | Construir | Lumber Camp |
| 10:28 | Crear | Villager (Male) |
| 10:29 | Crear | Villager (Male) |
| 11:10 | Construir | House |
| 11:50 | Edad | Edad Feudal |
| 11:54 | Crear | Unit 2626 |
| 11:54 | Crear | Unit 2626 |
| 11:54 | Crear | Unit 2626 |
| 12:05 | Investigar | Double-Bit Axe |
| 12:09 | Crear | Villager (Male) |
| 12:40 | Crear | Unit 2626 |
| 12:45 | Crear | Villager (Male) |
| 12:51 | Crear | Villager (Male) |
| 13:00 | Construir | House |
| 13:01 | Construir | House |
| 13:06 | Crear | Fire Galley |
| 13:10 | Crear | Villager (Male) |
| 13:15 | Crear | Unit 2626 |
| 13:37 | Crear | Unit 2626 |
| 13:53 | Crear | Villager (Male) |
| 14:02 | Crear | Unit 2626 |
| 14:03 | Crear | Unit 2626 |
| 14:07 | Construir | House |
| 14:56 | Crear | Villager (Male) |
| 14:56 | Crear | Villager (Male) |
| 15:12 | Construir | Mill |
| 15:17 | Crear | Villager (Male) |
| 15:21 | Crear | Unit 2626 |
| 15:21 | Crear | Unit 2626 |
| 15:22 | Crear | Unit 2626 |
| 15:53 | Crear | Fire Galley |
| 15:57 | Crear | Unit 2626 |
| 16:13 | Construir | House |
| 16:42 | Crear | Unit 2626 |
| 16:42 | Crear | Unit 2626 |
| 16:49 | Crear | Villager (Male) |
| 16:52 | Construir | Mill |
| 17:23 | Crear | Villager (Male) |
| 17:23 | Crear | Villager (Male) |
| 17:36 | Crear | Unit 2626 |
| 17:36 | Crear | Unit 2626 |
| 17:55 | Construir | Market |
| 18:17 | Crear | Villager (Male) |
| 18:22 | Construir | House |
| 18:25 | Construir | House |
| 18:30 | Construir | Blacksmith |
| 19:01 | Construir | Mining Camp |
| 19:15 | Investigar | Castle Age |
| 19:32 | Construir | Lumber Camp |
| 21:21 | Investigar | Horse Collar |
| 21:55 | Edad | Edad de los Castillos |
| 22:10 | Construir | Mill |
| 22:16 | Construir | Town Center |
| 22:22 | Investigar | War Galley (upgrade) |
| 22:29 | Crear | Villager (Male) |
| 22:29 | Crear | Villager (Male) |
| 22:33 | Investigar | Bow Saw |
| 23:21 | Crear | Villager (Male) |
| 23:21 | Crear | Villager (Male) |
| 23:55 | Crear | Villager (Male) |
| 23:57 | Crear | Villager (Male) ×5 |
| 24:12 | Construir | Castle |
| 25:13 | Investigar | Scale Mail Armor |
| 25:14 | Investigar | Forging |
| 25:34 | Construir | Mining Camp |
| 25:35 | Crear | Ghulam |
| 25:35 | Crear | Ghulam |
| 25:36 | Crear | Ghulam |
| 25:36 | Crear | Ghulam |
| 25:36 | Crear | Ghulam |
| 25:36 | Crear | Ghulam |
| 25:46 | Investigar | Wheelbarrow |
| 25:58 | Construir | Siege Workshop |
| 26:12 | Crear | Ghulam |
| 26:32 | Crear | Armored Elephant |
| 26:32 | Crear | Armored Elephant |
| 26:40 | Investigar | Chain Mail Armor |
| 26:55 | Crear | Villager (Male) ×5 |
| 27:04 | Construir | Lumber Camp |
| 27:26 | Crear | Armored Elephant |
| 27:34 | Construir | Barracks |
| 27:42 | Crear | Ghulam |
| 27:42 | Crear | Ghulam |
| 27:42 | Crear | Ghulam |
| 28:30 | Crear | Villager (Male) ×5 |
| 28:32 | Construir | Farm |
| 28:32 | Construir | Farm |
| 28:33 | Construir | Farm |
| 28:33 | Construir | Farm |
| 28:33 | Construir | Farm |
| 28:33 | Construir | Farm |
| 28:34 | Construir | Farm |
| 28:34 | Construir | Farm |
| 28:34 | Construir | Farm |
| 28:34 | Construir | Farm |
| 28:39 | Investigar | Tech 906 |
| 29:06 | Crear | Ghulam ×5 |
| 29:13 | Construir | Dock |
| 29:16 | Construir | Dock |
| 29:22 | Crear | Armored Elephant |
| 29:40 | Construir | Outpost |
| 29:42 | Construir | Outpost |
| 29:43 | Construir | Outpost |
| 29:45 | Construir | Outpost |
| 29:51 | Crear | Villager (Male) ×5 |
| 30:06 | Construir | Monastery |
| 30:25 | Construir | House |
| 30:27 | Construir | House |
| 30:28 | Construir | House |
| 30:28 | Construir | House |
| 30:28 | Construir | House |
| 30:28 | Construir | House |
| 30:29 | Construir | House |
| 30:29 | Construir | House |
| 30:29 | Construir | House |
| 30:30 | Construir | House |
| 30:30 | Construir | House |
| 30:31 | Crear | Villager (Male) ×5 |
| 30:36 | Investigar | Wheelbarrow |
| 31:00 | Crear | Fishing Ship ×4 |
Cronología de la partida
| 0:25 | xberny · first_building Dock |
| 0:32 | GoPlayTetris · first_building Dock |
| 0:36 | Shammgod · first_building Dock |
| 0:36 | Shermack · first_building Dock |
| 5:47 | xberny · wall_segment Palisade Wall x1 |
| 11:30 | xberny · age_up feudal |
| 11:50 | Shermack · age_up feudal |
| 11:52 | GoPlayTetris · wall_segment Palisade Wall x12 |
| 12:06 | Shammgod · age_up feudal |
| 12:11 | GoPlayTetris · wall_segment Palisade Wall x18 |
| 12:30 | GoPlayTetris · age_up feudal |
| 17:57 | Shammgod · age_up castle |
| 18:10 | GoPlayTetris · first_market_sell 100 wood |
| 18:12 | GoPlayTetris · first_market_buy 100 food |
| 19:13 | xberny · age_up castle |
| 19:18 | GoPlayTetris · wall_segment Palisade Wall x4 |
| 19:20 | Shammgod · first_market_sell 100 food |
| 19:21 | GoPlayTetris · wall_segment Palisade Wall x8 |
| 19:48 | Shammgod · first_building Monastery |
| 20:03 | GoPlayTetris · wall_segment Palisade Wall x2 |
| 20:22 | Shammgod · first_building Castle |
| 20:44 | xberny · first_building Castle |
| 21:01 | GoPlayTetris · wall_segment Palisade Wall x1 |
| 21:03 | xberny · first_building Monastery |
| 21:07 | GoPlayTetris · age_up castle |
| 21:55 | Shermack · age_up castle |
| 22:09 | GoPlayTetris · first_building Barracks |
| 22:32 | Shammgod · first_market_buy 100 food |
| 22:56 | GoPlayTetris · wall_segment Palisade Wall x2 |
| 23:20 | GoPlayTetris · first_building Stable |
| 23:45 | Shermack · first_market_buy 100 stone |
| 23:59 | GoPlayTetris · wall_segment Palisade Wall x3 |
| 24:12 | Shermack · first_building Castle |
| 24:36 | GoPlayTetris · first_building Monastery |
| 25:11 | GoPlayTetris · wall_segment Palisade Wall x1 |
| 25:17 | xberny · first_market_buy 100 food |
| 25:37 | Shammgod · first_building Barracks |
| 25:52 | GoPlayTetris · first_building Donjon |
| 25:58 | Shermack · first_building Siege Workshop |
| 26:16 | GoPlayTetris · wall_segment Palisade Wall x10 |
| 26:22 | GoPlayTetris · wall_segment Stone Wall x1 |
| 26:34 | GoPlayTetris · wall_segment Palisade Wall x1 |
| 27:13 | xberny · first_market_sell 100 wood |
| 27:34 | Shermack · first_building Barracks |
| 27:57 | Shammgod · first_building Stable |
| 28:01 | GoPlayTetris · wall_segment Stone Wall x1 |
| 28:02 | GoPlayTetris · wall_segment Stone Wall x1 |
| 28:03 | xberny · wall_segment Stone Wall x13 |
| 28:16 | xberny · wall_segment Stone Wall x6 |
| 28:20 | GoPlayTetris · first_building Siege Workshop |
| 28:52 | GoPlayTetris · wall_segment Palisade Wall x4 |
| 28:58 | GoPlayTetris · wall_segment Stone Wall x6 |
| 29:08 | GoPlayTetris · wall_segment Stone Wall x2 |
| 29:11 | GoPlayTetris · wall_segment Stone Wall x1 |
| 29:40 | GoPlayTetris · wall_segment Stone Wall x1 |
| 30:06 | Shermack · first_building Monastery |
| 30:34 | xberny · age_up imperial |
| 30:39 | GoPlayTetris · wall_segment Palisade Wall x1 |
| 32:27 | xberny · wall_segment Stone Wall x6 |
| 33:09 | xberny · wall_segment Stone Wall x1 |
| 33:13 | GoPlayTetris · wall_segment Palisade Wall x1 |
| 33:18 | GoPlayTetris · wall_segment Palisade Wall x3 |
| 33:18 | xberny · wall_segment Stone Wall x1 |
| 33:19 | xberny · wall_segment Stone Wall x1 |
| 33:20 | xberny · wall_segment Stone Wall x1 |
| 33:21 | xberny · wall_segment Stone Wall x1 |
| 33:41 | xberny · wall_segment Stone Wall x10 |
| 33:52 | GoPlayTetris · first_building Castle |
| 34:31 | GoPlayTetris · wall_segment Stone Wall x1 |
| 34:36 | GoPlayTetris · wall_segment Stone Wall x1 |
| 35:40 | Shermack · first_building Archery Range |
| 36:01 | Shammgod · age_up imperial |
| 37:04 | GoPlayTetris · wall_segment Palisade Wall x1 |
| 39:26 | Shammgod · first_building Siege Workshop |
| 41:40 | Shermack · age_up imperial |
| 42:23 | xberny · first_building Siege Workshop |
| 44:49 | xberny · first_building Barracks |
| 45:04 | Shermack · wall_segment Stone Wall x1 |
| 45:24 | xberny · resign |
[ ANÁLISIS IA · 1 CRÉDITO ]
¿Qué pasó realmente en esta partida?
Wolo.gg analiza cada decisión: build order, eco, micro, errores típicos por bracket. Análisis personalizado por WhatsApp o Discord en 30 segundos.
Guía civ
Sicilianos
Perfil
Jugador #5331612